 Dungeon Crawl Stone Soup version 0.28.0-47-ge53b351184 (webtiles) character file.

Game seed: 2806925190738997471

91 styxcanada the Sneak (level 4, 0/23 HPs)
             Began as a Spriggan Brigand on Apr 28, 2022.
             Succumbed to a water moccasin's poison
             ... on level 2 of the Dungeon.
             The game lasted 00:10:15 (2272 turns).

styxcanada the Sneak (Spriggan Brigand)             Turns: 2272, Time: 00:10:16

Health: 0/23       AC:  3    Str:  7    XL:     4   Next: 33%
Magic:  6/6        EV: 17    Int: 12    God:
Gold:   86         SH:  0    Dex: 18    Spells: 1/4 levels left

rFire   . . .      SeeInvis +   a - +2 dagger
rCold   . . .      Faith    .   (no shield)
rNeg    . . .      Spirit   .   b - +0 robe
rPois   .          Reflect  .   (helmet restricted)
rElec   .          Harm     .   c - +0 cloak
rCorr   +          Rampage  .   (gloves unavailable)
Will    .....                   (boots unavailable)
Stlth   ++++......              (no amulet)
HPRegen 0.07/turn               h - ring of resist corrosion
MPRegen 0.10/turn               (no ring)

@: lethally poisoned (0 -> -8), very quick
A: very small, no large weapons, unfitting armour, see invisible, speed 3
a: no special abilities


You were on level 2 of the Dungeon.
You visited 1 branch of the dungeon, and saw 3 of its levels.

You collected 86 gold pieces.

Inventory:

Hand Weapons
 a - a +2 dagger (weapon)
 j - a +0 hunting sling
Missiles
 d - 4 poisoned darts (quivered)
 k - 3 stones
Armour
 b - a +0 robe (worn)
 c - a +0 cloak (worn)
Jewellery
 h - a ring of resist corrosion (left hand)
Scrolls
 g - a scroll of magic mapping
Potions
 f - 2 potions of curing {unknown}
 i - a potion of magic {unknown}
 l - a potion of brilliance {unknown}


   Skills:
 * Level 1.9 Fighting
 + Level 2.5 Short Blades
 + Level 2.1 Throwing
 * Level 2.5 Dodging
 * Level 7.6 Stealth
 * Level 0.8 Spellcasting


You had one spell level left.
You knew the following spells:

 Your Spells              Type           Power      Damage    Failure   Level
a - Call Canine Familiar  Summ           0%         N/A       65%         3

Your spell library contained the following spells:

 Spells                   Type           Power      Damage    Failure   Level
 Summon Small Mammal      Summ           0%         N/A       30%         1
 Portal Projectile        Hex/Tloc       0%         N/A       67%         3
 Summon Guardian Golem    Hex/Summ       0%         N/A       67%         3
 Leda's Liquefaction      Hex/Erth       0%         N/A       97%         4


Dungeon Overview and Level Annotations

Branches:
Dungeon (3/15)

Altars:
Trog

Shops:
D:1 [


Innate Abilities, Weirdness & Mutations

You are very small and have problems with some larger weapons.
You are too small for most types of armour.
You have supernaturally acute eyesight. (SInv)
You cover ground extremely quickly. (Speed+++)


Message History

The hobgoblin is lightly wounded.
The hobgoblin barely misses you.
Things that are here:
a +0 long sword; a goblin corpse
There is a stone staircase leading up here.
The water moccasin bites you but does no damage.
You climb upwards.
There is a stone staircase leading down here.
You hit the water moccasin.
The water moccasin is lightly wounded.
The water moccasin completely misses you.
You hit the water moccasin.
The water moccasin is lightly wounded.
The water moccasin closely misses you.
You closely miss the water moccasin.
The water moccasin is lightly wounded.
The water moccasin bites you. The water moccasin barely misses you.
You closely miss the water moccasin.
The water moccasin is lightly wounded.
The water moccasin bites you!
You are lethally poisoned!
The water moccasin poisons you!
You barely miss the water moccasin.
The water moccasin is lightly wounded.
* * * LOW HITPOINT WARNING * * *
You feel very sick.
The water moccasin completely misses you.
You barely miss the water moccasin.
The water moccasin is lightly wounded.
* * * LOW HITPOINT WARNING * * *
You feel sick. The water moccasin misses you.
You hit the water moccasin.
The water moccasin is moderately wounded.
* * * LOW HITPOINT WARNING * * *
You feel sick.
The water moccasin completely misses you.
The water moccasin bites you but does no damage.
* * * LOW HITPOINT WARNING * * *
You feel sick.
You die...

#......>............#
...................##
#...........#(...#.#
#.......##....####.#
###.#..###.#######.####
#..##.....# #.......#
##.........####...>S..#
#..#.#.......##.......#
.....#.....#..#.@.....#
(.####.....##.........#
.....#.....###........#
.###.......# ##.......#
...........# ###..####
....##.....#### #....#
######........####.#.##
###...................#######
....######...##.............#


You could see a water moccasin.

Vanquished Creatures
  3 adders
  3 worms (D:2)
  A dart slug (D:2)
  An orc (D:3)
  8 bats
  6 endoplasms
  4 giant cockroaches
  3 goblins
  A hobgoblin (D:2)
  3 jackals (D:2)
  A kobold (D:1)
  3 quokkas
  6 ball pythons
  5 frilled lizards
  3 rats
51 creatures vanquished.

Notes
Turn   | Place    | Note
-------+----------+-------------------------------------------
     0 | D:1      | styxcanada the Spriggan Brigand began the quest for the
                  | Orb.
     0 | D:1      | Reached XP level 1. HP: 10/10 MP: 2/2
    20 | D:1      | Reached skill level 6 in Stealth
   405 | D:1      | Reached XP level 2. HP: 15/15 MP: 3/3
   457 | D:1      | Found Ucwur's Antique Armour Boutique.
  1193 | D:2      | Reached XP level 3. HP: 18/18 MP: 4/4
  1208 | D:2      | Reached skill level 7 in Stealth
  1222 | D:2      | Found a faded altar of an unknown god.
  1605 | D:2      | Found a bloodstained altar of Trog.
  1816 | D:2      | Reached XP level 4. HP: 22/23 MP: 5/5
  1891 | D:2      | Learned a level 3 spell: Call Canine Familiar
  2248 | D:3      | Noticed a water moccasin
  2271 | D:2      | HP: 1/23 [poisoned by a water moccasin]
  2272 | D:2      | Succumbed to a water moccasin's poison

Illustrated notes

Levels and vault maps discovered:
D:1:      nzn_arrival_water_spiral, layout_basic, serial_shops,
          nicolae_shop_hallway_stairs
D:2:      layout_rooms, basic_altar, ebering_ecumenical_altar_ruins
D:3:      layout_rooms, gup_sewer_entry_spiral

Skill      XL: |  1  2  3 |
---------------+----------+-----
Stealth        | 6 7 |  7.6
Dodging        | 2 |  2.5
Fighting       | |  1.9
Short Blades   | |  2.5
Throwing       | |  2.1
Spellcasting   | |  0.8

Action                   |  1- 3 |  4- 6 || total
-------------------------+-------+-------++-------
Melee: Dagger            |   118 |    35 ||   153
Throw: Dart              |    22 |     4 ||    26
  Use: Scroll            |     2 |       ||     2
 Stab: Sleeping          |    12 |     3 ||    15
Armor: Robe              |    16 |     2 ||    18
Dodge: Dodged            |   106 |    20 ||   126
